 Dungeon Crawl Stone Soup version 0.31-a0-177-g4aa6249778 (webtiles) character file.

Game seed: 18242757422447344775

63 qw the Shooter (level 4, -1/39 HPs)
             Began as a Naga Hunter on June 17, 2023.
             Slain by a gnoll
             ... wielding a +0 flail
              (11 damage)
             ... on level 3 of the Dungeon.
             The game lasted 00:00:33 (1572 turns).

qw the Shooter (Naga Hunter)                        Turns: 1572, Time: 00:00:33

Health: -1/39      AC:  2    Str: 13    XL:     4   Next: 10%
Magic:  4/4        EV:  9    Int: 10    God:
Gold:   105        SH:  0    Dex: 16    Spells: 3/3 levels left

rFire   . . .        Y - +0 shortbow
rCold   . . .        (shield currently unavailable)
rNeg    . . .        c - +0 leather armour
rPois   +            (no helmet)
rElec   .            (no cloak)
rCorr   .            (no gloves)
SInv    +            (no barding)
Will    .....        (no amulet)
Stlth   ++           (no ring)
HPRegen 0.26/turn    (no ring)
MPRegen 0.09/turn

%: no passive effects
@: short of breath, very slow
A: AC +1, large, see invisible, deformed body, poison resistance, slowness 2,
spit poison 1, naga tail 1
a: Spit Poison


You were on level 3 of the Dungeon.
You visited 1 branch of the dungeon, and saw 3 of its levels.

You collected 105 gold pieces.


Innate Abilities, Weirdness & Mutations

Your serpentine skin is tough. (AC +1)
You have supernaturally acute eyesight. (SInv)
Armour fits poorly on your strangely shaped body.
Your system is resistant to poisons. (rPois)
You cover ground very slowly.
You can spit poison.
You have a snake-like lower body.


   Skills:
 + Level 2.2 Fighting
 - Level 5.0 Ranged Weapons
 - Level 1.5 Dodging
 - Level 1.5 Stealth


You had 3 spell levels left.
You didn't know any spells.
Your spell library was empty.

Inventory:

Hand Weapons
 Y - a +0 shortbow (weapon)
Armour
 b - a +1 hat
 c - a +0 leather armour (worn)
Jewellery
 d - a +6 ring of strength
Scrolls
 e - a scroll of identify
 i - 2 scrolls of teleportation
Potions
 a - a potion of resistance
 f - a potion of invisibility {unknown}
 g - a potion of curing {unknown}
 h - 2 potions of ambrosia {unknown}
 j - a potion of enlightenment {unknown}
 k - a potion of brilliance {unknown}

Dungeon Overview and Level Annotations

Branches:
Dungeon (3/15)

Altars:
Kikubaaqudgha
Ru

Annotations:
D:3 1 runed translucent door, qw's ghost, weakling NaHu


Message History

You shoot an arrow. The arrow closely misses the gnoll.
A gnoll comes into view. It is wielding a +0 flail.
You shoot an arrow. The gnoll shouts!
The arrow hits the gnoll.
The gnoll is heavily wounded.
You shoot an arrow. The arrow hits the gnoll.
The gnoll is severely wounded.
The gnoll hits you with a +0 whip!
A gnoll comes into view. It is wielding a +0 flail.
You shoot an arrow. The gnoll shouts!
The arrow hits the gnoll but does no damage.
The gnoll is severely wounded.
You have got your breath back.
You hear a shout!
The gnoll closely misses you.
1568 ||| INVOKING Spit Poison.
Aiming: Spit Poison (1% risk of failure)
Press: ? - help, Shift-Dir - straight line, f/p - gnoll The splash of poison misses the gnoll.
The gnoll hits you with a +0 whip!
You shoot an arrow. The arrow closely misses the gnoll.
The arrow hits the gnoll.
The gnoll is moderately wounded.
The gnoll barely misses you.
You shoot an arrow. The arrow hits the gnoll.
The gnoll is almost dead.
The gnoll hits you with a +0 whip.
A kobold comes into view. It is wielding a +0 whip.
You shoot an arrow. The kobold shouts!
The arrow hits the gnoll.
The gnoll is heavily wounded.
The gnoll hits you with a +0 flail!
You shoot an arrow.
The arrow hits the gnoll but does no damage.
The gnoll is almost dead.
The gnoll hits you with a +0 whip. The gnoll hits you with a +0 flail!
You die...

#.........#
#.).......#
#.........#
#.........#
#.........###
(##..........####
......g?...#....
......g@...##.#
.K....g.......#
.#....%.......#
#.........#..#
#........##..#
..........##..#
..............##
##
....#....####..#
.. ...#...##
#..##


You could see 3 gnolls and a kobold.

Vanquished Creatures
  An adder (D:2)
  A worm (D:3)
  An orc (D:2)
  3 endoplasms (D:1)
  2 giant cockroaches
  4 goblins
  8 hobgoblins
  6 jackals
  3 kobolds
  4 quokkas
  2 ball pythons (D:1)
  3 bats
  A frilled lizard (D:2)
  4 rats
43 creatures vanquished.

Notes
Turn   | Place    | Note
-------+----------+-------------------------------------------
     0 | D:1      | qw the Naga Hunter began the quest for the Orb.
     0 | D:1      | Reached XP level 1. HP: 19/19 MP: 1/1
     0 | D:1      | 0 ||| qw: Version: 0.3-a-5-g6f28e65
     0 | D:1      | 0 ||| qw: Game counter: 496
     0 | D:1      | 0 ||| qw: Always use a shield: true
     0 | D:1      | 0 ||| qw: God list: Okawaru
     0 | D:1      | 0 ||| qw: Allow faded altars: false
     0 | D:1      | 0 ||| qw: Do Orc after D:15 true
     0 | D:1      | 0 ||| qw: Do second Lair branch before Depths: true
     0 | D:1      | 0 ||| qw: Lair rune preference: random
     0 | D:1      | 0 ||| qw: Plans: Normal
     0 | D:1      | 0 ||| PLANNING D:1-11
    46 | D:1      | 46 ||| INVOKING Spit Poison.
   151 | D:1      | 151 ||| INVOKING Spit Poison.
   203 | D:1      | 203 ||| INVOKING Spit Poison.
   207 | D:1      | 207 ||| INVOKING Spit Poison.
   211 | D:1      | 211 ||| INVOKING Spit Poison.
   212 | D:1      | Reached skill level 4 in Ranged Weapons
   212 | D:1      | Reached XP level 2. HP: 26/26 MP: 2/2
   217 | D:1      | 217 ||| INVOKING Spit Poison.
   397 | D:1      | 397 ||| INVOKING Spit Poison.
   578 | D:1      | 578 ||| INVOKING Spit Poison.
   607 | D:1      | 607 ||| INVOKING Spit Poison.
   611 | D:1      | 611 ||| INVOKING Spit Poison.
   712 | D:1      | 712 ||| READING 3 scrolls labelled RAL RACUAJALIO.
   713 | D:1      | 713 ||| READING 2 scrolls labelled HOUZAILLATT.
   714 | D:1      | 714 ||| READING scroll labelled MAONTOEMIJ.
   715 | D:1      | 715 ||| READING 2 scrolls labelled ITHA ZERAO.
   718 | D:1      | 718 ||| DROPPING 2 scrolls of poison.
   719 | D:1      | 719 ||| DROPPING scroll of butterflies.
   741 | D:2      | 741 ||| INVOKING Spit Poison.
   764 | D:2      | Found a sacrificial altar of Ru.
   794 | D:2      | 794 ||| INVOKING Spit Poison.
   800 | D:2      | 800 ||| INVOKING Spit Poison.
   843 | D:2      | 843 ||| INVOKING Spit Poison.
   844 | D:2      | Reached XP level 3. HP: 32/32 MP: 3/3
   852 | D:2      | 852 ||| INVOKING Spit Poison.
   855 | D:2      | 855 ||| INVOKING Spit Poison.
   859 | D:2      | 859 ||| INVOKING Spit Poison.
   865 | D:2      | 865 ||| INVOKING Spit Poison.
   898 | D:2      | Found a faded altar of an unknown god.
   921 | D:2      | 921 ||| INVOKING Spit Poison.
   929 | D:2      | 929 ||| INVOKING Spit Poison.
   939 | D:2      | 939 ||| INVOKING Spit Poison.
   942 | D:2      | 942 ||| INVOKING Spit Poison.
  1211 | D:2      | 1211 ||| INVOKING Spit Poison.
  1233 | D:2      | 1233 ||| INVOKING Spit Poison.
  1278 | D:2      | 1278 ||| INVOKING Spit Poison.
  1304 | D:2      | 1304 ||| READING 2 scrolls of identify.
  1304 | D:2      | 1304 ||| IDENTIFYING viscous puce potion
  1314 | D:3      | 1314 ||| INVOKING Spit Poison.
  1315 | D:3      | 1315 ||| INVOKING Spit Poison.
  1320 | D:3      | Reached skill level 5 in Ranged Weapons
  1320 | D:3      | Reached XP level 4. HP: 28/39 MP: 4/4
  1375 | D:3      | Found a runed translucent door.
  1375 | D:3      | Noticed qw's ghost (weakling NaHu)
  1422 | D:3      | 1422 ||| INVOKING Spit Poison.
  1427 | D:3      | 1427 ||| INVOKING Spit Poison.
  1503 | D:3      | Found an ancient bone altar of Kikubaaqudgha.
  1553 | D:3      | 1553 ||| INVOKING Spit Poison.
  1563 | D:3      | 1563 ||| INVOKING Spit Poison.
  1568 | D:3      | 1568 ||| INVOKING Spit Poison.
  1572 | D:3      | Slain by a gnoll

Levels and vault maps discovered:
D:1:      saegor_arrival_simple_d, layout_basic, serial_forest,
          infiniplex_forest_clump_curved, infiniplex_forest_clump_small,
          infiniplex_forest_clump_large, infiniplex_forest_zigzag_1,
          corexii_item_surrounded_by_moat
D:2:      layout_loops_ring, basic_altar, ebering_ecumenical_altar_ruins
D:3:      kennysheep_goblin_castle, layout_rooms, kiku_gazebo_pond_becter,
          hellmonk_ghost_happy_afterlife, minmay_misc_feat_ornament,
          minmay_ruptured

Skill      XL: |  1  2  3 |
---------------+----------+-----
Ranged Weapons | 4 5 |  5.0
Fighting       | |  2.2
Dodging        | |  1.5
Stealth        | |  1.5

Action                     |  1- 3 |  4- 6 || total
---------------------------+-------+-------++-------
   Fire: Shortbow          |    64 |    16 ||    80
Ability: Spit Poison       |    26 |     5 ||    31
    Use: Scroll            |     5 |       ||     5
 Armour: Leather armour    |     4 |       ||     4
  Dodge: Dodged            |    11 |     2 ||    13

Table legend:
 A = Non-vault XP
 B = Vault XP
 C = Vault XP percentage of total XP
 D = Non-vault monster count
 E = Vault monster count
 F = Vault count percentage of total count
                 A         B        C        D         E       F
            +---------+---------+-------+---------+---------+-------
      Total |      91 |       0 |   0.0 |      43 |       0 |   0.0
            +---------+---------+-------+---------+---------+-------
        D:1 |      25 |       0 |   0.0 |      16 |       0 |   0.0
        D:2 |      55 |       0 |   0.0 |      23 |       0 |   0.0
        D:3 |      11 |       0 |   0.0 |       4 |       0 |   0.0
            +---------+---------+-------+---------+---------+-------
